 Dungeon Crawl Stone Soup version 0.30-a0-782-ge64f9170bb (webtiles) character file.

Game seed: 14067691880226218991

1633 funkygono the Firebug (level 8, -1/43 HPs)
             Began as a Gargoyle Fire Elementalist on Mar 8, 2023.
             Was a Follower of Sif Muna.
             Slain by a two-headed ogre
             ... wielding a +0 giant club
              (10 damage)
             ... on level 5 of the Dungeon.
             The game lasted 00:08:35 (6077 turns).

funkygono the Firebug (Gargoyle Fire Elementalist)  Turns: 6077, Time: 00:08:36

Health: -1/43      AC:  9    Str: 13    XL:     8   Next: 98%
Magic:  7/17       EV: 12    Int: 17    God:    Sif Muna [*.....]
Gold:   153        SH:  0    Dex: 10    Spells: 9/19 levels left

rFire   + . .      SeeInvis .    a - +0 whip (protect)
rCold   . . .      Faith    .    (no shield)
rNeg    + + .      Spirit   .    k - +1 robe {rF+}
rPois   ∞          Reflect  .    t - +0 helmet
rElec   +          Harm     .    (no cloak)
rCorr   .          Rampage  .    (no gloves)
Will    .....                    (no boots)
Stlth   ++                       (no amulet)
HPRegen 0.27/turn                d - ring of positive energy
MPRegen 0.15/turn                (no ring)

@: no status effects
A: sickness immunity, AC +5, negative energy resistance 1, electricity
resistance, torment resistance 1, petrification resistance
a: Renounce Religion, Channel Magic


You were on level 5 of the Dungeon.
You worshipped Sif Muna.
Sif Muna was aware of your devotion.
You visited 2 branches of the dungeon, and saw 6 of its levels.

You collected 153 gold pieces.

Inventory:

Hand Weapons
 a - a +0 whip of protection (weapon)
 e - a +0 mace
Armour
 k - a +1 robe of fire resistance (worn)
 t - a +0 helmet (worn)
Jewellery
 d - a ring of positive energy (left hand)
Scrolls
 f - a scroll of fear
 i - 4 scrolls of teleportation
 m - 2 scrolls of blinking
Potions
 b - 2 potions of magic
 c - 2 potions of haste
 h - 4 potions of curing
 l - 2 potions of brilliance
 o - a potion of flight {unknown}
 p - 2 potions of attraction
 q - a potion of mutation {unknown}
 r - a potion of resistance {unknown}
 u - a potion of cancellation {unknown}


   Skills:
 + Level 1.6 Fighting
 + Level 0.4 Maces & Flails
 + Level 2.9 Dodging
 - Level 2.1 Stealth
 + Level 6.4 Spellcasting
 + Level 4.8 Conjurations
 + Level 7.1 Fire Magic


You had 9 spell levels left.
You knew the following spells:

 Your Spells              Type           Power      Damage    Failure   Level
a - Foxfire               Conj/Fire      100%       2x1d9     1%          1
b - Scorch                Fire           58%        2d8       1%          2
c - Kindle Blastsparks    Fire/Tloc/Air  26%        2d12      14%         3
d - Flame Wave            Conj/Fire      25%        2d8       11%         4

Your spell library contained the following spells:

 Spells                   Type           Power      Damage    Failure   Level
 Kiss of Death            Conj/Necr      52%        2d9       4%          1
 Inner Flame              Hex/Fire       17%        N/A       9%          3
 Summon Small Mammal      Summ           20%        N/A       12%         1
 Dazzling Flash           Conj/Hex       26%        N/A       14%         3
 Call Canine Familiar     Summ           5%         N/A       36%         3
 Confusing Touch          Hex            5%         N/A       36%         3
 Portal Projectile        Hex/Tloc       10%        N/A       36%         3
 Summon Guardian Golem    Hex/Summ       5%         N/A       36%         3
 Tukima's Dance           Hex            5%         N/A       36%         3
 Iskenderun's Mystic Bla  Conj/Tloc      13%        2d5       41%         4
 Dispel Undead            Necr           5%         3d7       77%         4
 Starburst                Conj/Fire      12%        6d5       85%         6
 Agony                    Necr           5%         N/A       98%         5
 Blade Hands              Tmut           2%         N/A       98%         5
 Death Channel            Necr           2%         N/A       100%        6


Dungeon Overview and Level Annotations

Branches:
Dungeon (5/15)             Temple (1/1) D:4

Altars:
Ashenzari
Cheibriados
Dithmenos
Elyvilon
Fedhas
Gozag
Hepliaklqana
Makhleb
Nemelex Xobeh
Okawaru
Qazlal
Ru
Sif Muna
Trog
Uskayaw
Wu Jian
Xom
Yredelemnul
Zin
The Shining One

Shops:
D:3 :

Annotations:
D:3 1 runed translucent door, vianneychevalier's ghost, weakling MiFi


Innate Abilities, Weirdness & Mutations

You are immune to sickness and miasma.
Your stone body is resilient. (AC +5)
You are immune to poison.
You resist negative energy. (rN+)
You are resistant to electric shocks. (rElec)
You are resistant to unholy torment.
You are immune to petrification.


Message History

Confirm with . or Enter, or press ? or * to list all spells.
You conjure some foxfire!
The foxfire hits the two-headed ogre.
The two-headed ogre is moderately wounded.
The foxfire hits the two-headed ogre!
The two-headed ogre is moderately wounded.
An adder comes into view.
Casting: Foxfire (safe; 1% risk of failure)
Confirm with . or Enter, or press ? or * to list all spells.
You conjure some foxfire!
The foxfire hits the two-headed ogre but does no damage.
The two-headed ogre is moderately wounded.
The foxfire hits the two-headed ogre.
The two-headed ogre is moderately wounded.
Your foxfire dissipates!
Casting: Foxfire (safe; 1% risk of failure)
Confirm with . or Enter, or press ? or * to list all spells.
You conjure some foxfire!
The foxfire hits the two-headed ogre.
The two-headed ogre is heavily wounded.
Casting: Foxfire (safe; 1% risk of failure)
Confirm with . or Enter, or press ? or * to list all spells.
Flames lash the two-headed ogre.
The two-headed ogre is heavily wounded.
The two-headed ogre's fire resistance burns away.
The foxfire hits the two-headed ogre!
The two-headed ogre is burned terribly!
The two-headed ogre is severely wounded.
The foxfire hits the two-headed ogre.
The two-headed ogre is severely wounded.
The foxfire hits the two-headed ogre.
The two-headed ogre is burned terribly!
The two-headed ogre is almost dead.
Unknown command.
Casting: Scorch (safe; 1% risk of failure)
Confirm with . or Enter, or press ? or * to list all spells.
Flames lash the adder.
You kill the adder!
Sif Muna accepts your kill.
The two-headed ogre hits you with a +0 giant club!!
Ouch! That really hurt!
* * * LOW HITPOINT WARNING * * *
The two-headed ogre hits you with a +0 giant club!
You die...

......... .... ....
#... .... ... ....
###.. ..# ##... .....
... ..... ###§##
..... #####.O@§###...
.. ##.).†..§##....
.... .........###.##
.....
........###...##.....
...#..........#......
. .
#....#.##...#..... .#
........####.........
...
#.......###......#..
....
........##.....).#
#.#.


You could see a two-headed ogre (combustible).

Vanquished Creatures
  A troll (D:5)
  Sigmund (D:2)
  A wyvern (D:5)
  A yak (D:5)
  A steam dragon (D:4)
  A water moccasin (D:4)
  An ogre (D:5)
  A kobold brigand (D:4)
  A scorpion (D:4)
  2 jellies (D:5)
  3 hounds
  Natasha (thrice) (D:2)
  An orc wizard (D:5)
  An iguana (D:4)
  Robin (D:4)
  16 adders
  A shadow imp (D:5)
  A white imp (D:5)
  2 ufetubi
  A dart slug (D:4)
  7 orcs
  10 ball pythons
  6 bats
  3 giant cockroaches
  17 goblins
  10 hobgoblins
  11 jackals
  2 quokkas
  A frilled lizard (D:1)
  4 kobolds
  5 rats
117 creatures vanquished.

Vanquished Creatures (collateral kills)
  5 foxfires (D:1)
5 creatures vanquished.

Vanquished Creatures (others)
  385 foxfires
385 creatures vanquished.

Grand Total: 507 creatures vanquished

Notes
Turn   | Place    | Note
-------+----------+-------------------------------------------
     0 | D:1      | funkygono the Gargoyle Fire Elementalist began the quest
                  | for the Orb.
     0 | D:1      | Reached XP level 1. HP: 10/10 MP: 3/3
   130 | D:1      | Reached XP level 2. HP: 14/15 MP: 1/5
   133 | D:1      | Learned a level 2 spell: Scorch
   946 | D:1      | Reached XP level 3. HP: 19/19 MP: 1/6
   952 | D:1      | Learned a level 3 spell: Kindle Blastsparks
  1060 | D:1      | Found a faded altar of an unknown god.
  1168 | D:2      | Got Zocrioqo's Tome of Incendiary Cadavers
  1169 | D:2      | Noticed Natasha
  1175 | D:2      | Killed Natasha
  1259 | D:2      | You fall into a shaft and drop 1 floor!
  1491 | D:2      | Reached XP level 4. HP: 24/24 MP: 3/7
  1541 | D:2      | Noticed Natasha
  1550 | D:2      | Killed Natasha
  1674 | D:2      | Noticed Natasha
  1680 | D:2      | Killed Natasha
  1681 | D:2      | Reached skill level 4 in Fire Magic
  1681 | D:2      | Reached XP level 5. HP: 8/28 MP: 0/9
  1707 | D:2      | Learned a level 4 spell: Flame Wave
  1862 | D:2      | Noticed Sigmund
  1897 | D:2      | Killed Sigmund
  1898 | D:2      | Reached XP level 6. HP: 18/33 MP: 3/11
  2729 | D:3      | Reached skill level 5 in Fire Magic
  2830 | D:3      | Found Ataed's Book Emporium.
  3078 | D:3      | Reached skill level 1 in Fighting
  3196 | D:3      | Found a runed translucent door.
  3197 | D:3      | Noticed vianneychevalier's ghost (weakling MiFi)
  3334 | D:4      | Noticed a steam dragon
  3489 | D:4      | Killed a steam dragon
  3490 | D:4      | Reached XP level 7. HP: 18/38 MP: 1/13
  4128 | D:4      | Found a staircase to the Ecumenical Temple.
  4137 | Temple   | Entered the Ecumenical Temple
  4392 | Temple   | Became a worshipper of Sif Muna the Loreminder
  4682 | D:4      | Noticed Robin
  4699 | D:4      | Killed Robin
  4846 | D:4      | Reached skill level 5 in Spellcasting
  4846 | D:4      | Reached skill level 6 in Fire Magic
  4846 | D:4      | Reached XP level 8. HP: 43/43 MP: 7/15
  5116 | D:5      | Entered Level 5 of the Dungeon
  5524 | D:5      | Noticed a troll
  5535 | D:5      | Killed a troll
  5557 | D:5      | Noticed a wyvern
  5668 | D:5      | Killed a wyvern
  5739 | D:5      | Noticed a yak
  5747 | D:5      | Killed a yak
  5748 | D:5      | Reached skill level 7 in Fire Magic
  5888 | D:5      | Noticed a two-headed ogre
  6038 | D:5      | Reached * piety under Sif Muna
  6077 | D:5      | Slain by a two-headed ogre

Illustrated notes

Levels and vault maps discovered:
D:1:      tarquinn_simple_flora_water_d, layout_loops_cross,
          dreamdust_ecumenical_altar_angels_and_demons, serial_forest,
          infiniplex_forest_clump_curved, infiniplex_forest_side_room,
          infiniplex_forest_lined_4_way, infiniplex_forest_clump_diagonal,
          infiniplex_forest_diagonal, infiniplex_forest_lined_room_3,
          infiniplex_forest_clump_double
D:2:      layout_loops_ring, uniq_sigmund, uniq_natasha
D:3:      layout_rooms, ebering_ghost_inner_flame, serial_shops, shop
D:4:      layout_gridville, minmay_temple_entry_overgrown, uniq_robin
D:5:      cheibrodos_fzero, layout_cave_pools
Temple:   mainiacjoe_temple_big_plus

Skill      XL: |  1  2  3  4  5  6  7  8 |
---------------+-------------------------+-----
Dodging        | 2 |  2.9
Conjurations   | 2 3 4 |  4.8
Spellcasting   | 3 4 5 6 |  6.4
Fire Magic     | 4 5 6 7 |  7.1
Fighting       | 1 |  1.6
Maces & Flails | |  0.4
Stealth        | |  2.1

Action                     |  1- 3 |  4- 6 |  7- 9 || total
---------------------------+-------+-------+-------++-------
  Melee: Unarmed           |     8 |       |       ||     8
         Mace              |     5 |    13 |       ||    18
   Cast: Foxfire           |    45 |    69 |   113 ||   227
         Scorch            |     6 |    23 |    26 ||    55
         Kindle Blastspark |       |     1 |       ||     1
    Use: Scroll            |       |       |    11 ||    11
 Armour: Robe              |    12 |    36 |    11 ||    59
  Dodge: Dodged            |    28 |    56 |    14 ||    98

Table legend: (Time is in decaauts)
 A = Elapsed time spent in this place.
 B = Non-inter-level travel time spent in this place.
 C = Inter-level travel time spent in this place.
 D = Time resting spent in this place.
 E = Time spent auto-exploring this place.
 F = Levels seen in this place.
 G = Mean time per level.
                   A        B        C        D        E       F      G
               +--------+--------+--------+--------+--------+-----+--------+
         Total |   6093 |   5931 |    162 |      0 |   4983 |   6 | 1015.5 |
       Dungeon |   5670 |   5535 |    135 |      0 |   4599 |   5 | 1134.0 |
        Temple |    423 |    397 |     26 |      0 |    384 |   1 |  423.0 |
               +--------+--------+--------+--------+--------+-----+--------+

Top non-repeatable levels by time:
     D:4: 1665 daAuts
     D:2: 1336 daAuts
     D:1: 1167 daAuts
     D:3: 977 daAuts
     D:5: 523 daAuts
  Temple: 423 daAuts
